PIO
GREAT FALLS VOYAGERS @ HELENA BREWERS
06/24/2099
 
TOP OF THE 1ST
Great Falls Voyagers batting - Pitching for Helena Brewers : RHP Lorenzo Parra
Pitching: RHP Lorenzo Parra
Batting: LHB Greg Brown 0-0: Called Strike
0-1: Ball
1-1: Foul Ball, location: 2F
1-2: Strikes out looking
Batting: LHB Todd Feagin 0-0: Ball
1-0: Called Strike
1-1: Swinging Strike
1-2: Foul Ball, location: 5F
1-2: Foul Ball, location: 2F
1-2: Fly out, F8 (Flyball, 8RD, EV 87.5 MPH)
Batting: SHB Nick Shumate 0-0: Ball
1-0: SINGLE (Flyball, 78S, EV 97.5 MPH)
Batting: LHB Mike Deeley 0-0: Ball
1-0: Ball
2-0: Foul Ball, location: 2F
2-1: Ground out 4-3 (Groundball, 4, EV 90.6 MPH)
Top of the 1st over - 0 runs, 1 hit, 0 errors, 1 left on base; Great Falls 0 - Helena 0
BOTTOM OF THE 1ST
Helena Brewers batting - Pitching for Great Falls Voyagers : LHP Jose Larin
Pitching: LHP Jose Larin
Batting: RHB Alex Andrade 0-0: SINGLE (Line Drive, 7S, EV 85.6 MPH)
Batting: RHB Justin Curtis 0-0: Foul Ball, location: 7LSFF
0-1: Ball
Balk!
Alex Andrade to second
1-1: Ball
2-1: Ball
3-1: Foul Ball, location: 3FF
3-2: SINGLE (Flyball, 9S, EV 98.8 MPH)
Alex Andrade to third
Batting: RHB Corey Sullivan 0-0: Ball
1-0: Foul Ball, location: 2F
1-1: Ground out 5-3 (Groundball, 56S, EV 70.0 MPH)
Alex Andrade scores
Justin Curtis to second
Batting: LHB Dimacali Martinez 0-0: Foul Ball, location: 2F
0-1: Ball
1-1: Ground out 6-3 (Groundball, 6, EV 78.1 MPH)
Justin Curtis to third
Batting: LHB Mike Lown 0-0: Fly out, F9 (Flyball, 9D, EV 105.6 MPH)
Bottom of the 1st over - 1 run, 2 hits, 0 errors, 1 left on base; Great Falls 0 - Helena 1
TOP OF THE 2ND
Great Falls Voyagers batting - Pitching for Helena Brewers : RHP Lorenzo Parra
Batting: RHB Miguel Sanchez 0-0: Ball
1-0: Foul Ball, location: 2F
1-1: Ball
2-1: Ball
3-1: Called Strike
3-2: Foul Ball, location: 25F
3-2: Base on Balls
Batting: RHB Adam Ambrose 0-0: Swinging Strike
0-1: Ball
1-1: SINGLE (Groundball, 4MD, EV 107.5 MPH)
Miguel Sanchez to second
Batting: SHB Mitch Hickman 0-0: Ball
1-0: Ball
2-0: Ball
3-0: Called Strike
3-1: Called Strike
3-2: Fly out, F6 (Flyball, 56D, EV 85.0 MPH)
Batting: RHB Chris Arms 0-0: Ball
1-0: Ground out 5-3 (Groundball, 5L, EV 67.5 MPH)
Miguel Sanchez to third
Adam Ambrose to second
Batting: LHB Victor Gonzales 0-0: Ball
1-0: Ball
2-0: Foul Ball, location: 2F
2-1: Ball
3-1: Ground out 6-3 (Groundball, 6, EV 75.6 MPH)
Top of the 2nd over - 0 runs, 1 hit, 0 errors, 2 left on base; Great Falls 0 - Helena 1
BOTTOM OF THE 2ND
Helena Brewers batting - Pitching for Great Falls Voyagers : LHP Jose Larin
Batting: LHB Jon Hendriks 0-0: Swinging Strike
0-1: SINGLE (Groundball, 56D, EV 98.1 MPH)
Batting: RHB Josh Young 0-0: Swinging Strike
0-1: Ball
1-1: Called Strike
1-2: Ball
2-2: Foul Ball, location: 7LSF
2-2: Strikes out swinging
Batting: RHB Judah Williams 0-0: Fielders Choice at 2nd, 5-4 (Groundball, 56, EV 109.4 MPH)
Batting: RHB Luis Cantu 0-0: Ball
1-0: Fly out, F7 (Flyball, 7D, EV 87.5 MPH)
Bottom of the 2nd over - 0 runs, 1 hit, 0 errors, 1 left on base; Great Falls 0 - Helena 1
TOP OF THE 3RD
Great Falls Voyagers batting - Pitching for Helena Brewers : RHP Lorenzo Parra
Batting: LHB Greg Brown 0-0: Ball
1-0: Fly out, F7 (Flyball, 78S, EV 90.0 MPH)
Batting: LHB Todd Feagin 0-0: Called Strike
0-1: Foul Ball, location: 25F
0-2: Ball
1-2: Foul Ball, location: 7LMF
1-2: Ball
2-2: Fly out, F8 (Flyball, 8LM, EV 94.4 MPH)
Batting: SHB Nick Shumate 0-0: Called Strike
0-1: Called Strike
0-2: Foul Ball, location: 25FF
0-2: Strikes out swinging
Top of the 3rd over - 0 runs, 0 hits, 0 errors, 0 left on base; Great Falls 0 - Helena 1
BOTTOM OF THE 3RD
Helena Brewers batting - Pitching for Great Falls Voyagers : LHP Jose Larin
Batting: RHB Alex Andrade 0-0: Called Strike
0-1: Swinging Strike
0-2: Ball
1-2: Strikes out swinging
Batting: RHB Justin Curtis 0-0: Ball
1-0: Called Strike
1-1: Ground out 4-3 (Groundball, 4, EV 93.1 MPH)
Batting: RHB Corey Sullivan 0-0: Ball
1-0: SINGLE (Line Drive, 8RS, EV 101.9 MPH)
Batting: LHB Dimacali Martinez 0-0: Called Strike
0-1: Ball
1-1: Foul Ball, location: 9LSFF
1-2: Ball
2-2: Fly out, F8 (Flyball, 8LXD, EV 107.5 MPH)
Bottom of the 3rd over - 0 runs, 1 hit, 0 errors, 1 left on base; Great Falls 0 - Helena 1
TOP OF THE 4TH
Great Falls Voyagers batting - Pitching for Helena Brewers : RHP Lorenzo Parra
Batting: LHB Mike Deeley 0-0: Ball
1-0: Ball
2-0: Swinging Strike
2-1: Called Strike
2-2: Fly out, F9 (Flyball, 89D, EV 91.9 MPH)
Batting: RHB Miguel Sanchez 0-0: SINGLE (Groundball, 6MD, EV 100.6 MPH)
Batting: RHB Adam Ambrose 0-0: Called Strike
0-1: Called Strike
0-2: Strikes out swinging
Batting: SHB Mitch Hickman 0-0: Foul Ball, location: 2F
0-1: Ball
1-1: Ball
2-1: Swinging Strike
2-2: Fly out, F9 (Line Drive, 9, EV 95.6 MPH)
Top of the 4th over - 0 runs, 1 hit, 0 errors, 1 left on base; Great Falls 0 - Helena 1
BOTTOM OF THE 4TH
Helena Brewers batting - Pitching for Great Falls Voyagers : LHP Jose Larin
Batting: LHB Mike Lown 0-0: Foul Ball, location: 5SF
0-1: Called Strike
0-2: Fly out, F7 (Flyball, 7, EV 75.6 MPH)
Batting: LHB Jon Hendriks 0-0: Called Strike
0-1: Ball
1-1: Ball
2-1: Ball
3-1: Called Strike
3-2: Foul Ball, location: 23F
3-2: Ground out U3 (Groundball, 23, EV 91.3 MPH)
Batting: RHB Josh Young 0-0: Ball
1-0: Ground out 5-3 (Groundball, 5, EV 100.0 MPH)
Bottom of the 4th over - 0 runs, 0 hits, 0 errors, 0 left on base; Great Falls 0 - Helena 1
TOP OF THE 5TH
Great Falls Voyagers batting - Pitching for Helena Brewers : RHP Lorenzo Parra
Batting: RHB Chris Arms 0-0: Ball
1-0: Swinging Strike
1-1: Ball
2-1: Ball
3-1: Fly out, F9 (Flyball, 9, EV 75.6 MPH)
Batting: LHB Victor Gonzales 0-0: Called Strike
0-1: Foul Ball, location: 9LSF
0-2: Ground out 4-3 (Groundball, 4, EV 85.6 MPH)
Batting: LHB Greg Brown 0-0: Foul Ball, location: 25F
0-1: Ball
1-1: Foul Ball, location: 7LSF
1-2: Foul Ball, location: 3FF
1-2: Ball
2-2: Ball
3-2: Foul Ball, location: 2F
3-2: SINGLE (Groundball, 5D, EV 101.3 MPH)
Batting: LHB Todd Feagin 0-0: Ball
1-0: Foul Ball, location: 3DF
1-1: Fly out, F8 (Flyball, 8LM, EV 98.8 MPH)
Top of the 5th over - 0 runs, 1 hit, 0 errors, 1 left on base; Great Falls 0 - Helena 1
BOTTOM OF THE 5TH
Helena Brewers batting - Pitching for Great Falls Voyagers : LHP Jose Larin
Batting: RHB Judah Williams 0-0: Called Strike
0-1: DOUBLE (Groundball, 5L, EV 94.4 MPH)
Batting: RHB Luis Cantu 0-0: Called Strike
0-1: 2-RUN HOME RUN (Flyball, 89XD, EV 102.5 MPH), Distance : 407 ft
Batting: RHB Alex Andrade 0-0: Ball
1-0: Foul Ball, location: 2F
1-1: Ball
2-1: Foul Ball, location: 23F
2-2: DOUBLE (Line Drive, 78M, EV 97.5 MPH)
Batting: RHB Justin Curtis 0-0: Ball
1-0: Ball
2-0: Called Strike
2-1: Called Strike
2-2: Ball
3-2: Base on Balls
Batting: RHB Corey Sullivan 0-0: Ball
1-0: Called Strike
1-1: SINGLE (Line Drive, 3D, EV 95.6 MPH)
Alex Andrade to third
Justin Curtis to second
Runner from 3rd tries for Home, SAFE, throw by RF to home
Batting: LHB Dimacali Martinez 0-0: Called Strike
0-1: Fly out, F8 (Flyball, 8LM, EV 97.5 MPH)
Batting: LHB Mike Lown 0-0: Ball
1-0: Fly out, F8 (Line Drive, 8LD, EV 96.3 MPH)
Batting: LHB Jon Hendriks 0-0: Ball
1-0: Foul Ball, location: 2F
1-1: Ball
2-1: Swinging Strike
2-2: Foul Ball, location: 2F
2-2: Ground out U3 (Groundball, 3L, EV 77.5 MPH)
Bottom of the 5th over - 3 runs, 4 hits, 0 errors, 2 left on base; Great Falls 0 - Helena 4
TOP OF THE 6TH
Great Falls Voyagers batting - Pitching for Helena Brewers : RHP Lorenzo Parra
Batting: SHB Nick Shumate 0-0: Called Strike
0-1: Foul Ball, location: 2F
0-2: Ball
1-2: Ball
2-2: Foul Ball, location: 5FF
2-2: Ground out 6-3 (Groundball, 6S, EV 85.6 MPH)
Batting: LHB Mike Deeley 0-0: Ball
1-0: Swinging Strike
1-1: Swinging Strike
1-2: Strikes out swinging
Batting: RHB Miguel Sanchez 0-0: Ball
1-0: Ball
2-0: SOLO HOME RUN (Flyball, 7D, EV 99.4 MPH), Distance : 371 ft
Batting: RHB Adam Ambrose 0-0: Called Strike
0-1: Ball
1-1: Swinging Strike
1-2: Foul Ball, location: 5DF
1-2: Foul Ball, location: 2F
1-2: Foul Ball, location: 2F
1-2: Ground out 6-3 (Groundball, 6, EV 82.5 MPH)
Top of the 6th over - 1 run, 1 hit, 0 errors, 0 left on base; Great Falls 1 - Helena 4
BOTTOM OF THE 6TH
Helena Brewers batting - Pitching for Great Falls Voyagers : LHP Jose Larin
Batting: RHB Josh Young 0-0: Foul Ball, location: 3FF
0-1: Called Strike
0-2: Fly out, F7 (Flyball, 7D, EV 105.6 MPH)
Pitching: LHP Travis Cole
Batting: RHB Judah Williams 0-0: Called Strike
0-1: Ball
1-1: Foul Ball, location: 25F
1-2: Ball
2-2: Fly out, F9 (Flyball, 9, EV 90.6 MPH)
Batting: RHB Luis Cantu 0-0: Ball
1-0: Ball
2-0: Swinging Strike
2-1: Foul Ball, location: 2F
2-2: Ball
3-2: Strikes out swinging
Bottom of the 6th over - 0 runs, 0 hits, 0 errors, 0 left on base; Great Falls 1 - Helena 4
TOP OF THE 7TH
Great Falls Voyagers batting - Pitching for Helena Brewers : RHP Lorenzo Parra
Pitching: RHP Israel Juarez
Batting: SHB Mitch Hickman 0-0: Ball
1-0: Swinging Strike
1-1: Ball
2-1: SINGLE (Groundball, 34D, EV 108.1 MPH)
Batting: RHB Chris Arms 0-0: Foul Ball, location: 5DF
0-1: Foul Ball, location: 2F
0-2: Foul Ball, location: 2F
0-2: Ball
Passed Ball!
Mitch Hickman to second
1-2: Ball
2-2: Fly out, F9 (Flyball, 9LM, EV 94.4 MPH)
Batting: LHB Victor Gonzales 0-0: Called Strike
0-1: Ball
1-1: Called Strike
1-2: Ball
2-2: Ball
3-2: DOUBLE (Groundball, 3L, EV 102.5 MPH)
Mitch Hickman scores
Pitching: LHP Wade Breaux
Batting: RHB Dillon Geyer 0-0: Foul Ball, location: 3FF
0-1: Called Strike
0-2: Ball
1-2: Foul Ball, location: 25F
1-2: Strikes out swinging
Pinch Hitting: RHB Justin Cusick 0-0: Ball
1-0: Foul Ball, location: 7LMFF
1-1: Ground out 6-3 (Groundball, 6, EV 83.8 MPH)
Top of the 7th over - 1 run, 2 hits, 0 errors, 1 left on base; Great Falls 2 - Helena 4
BOTTOM OF THE 7TH
Helena Brewers batting - Pitching for Great Falls Voyagers : LHP Travis Cole
Pitching: RHP Bobby Vilchez
Now in LF: Justin Cusick
Batting: RHB Alex Andrade 0-0: Fly out, F6 (Line Drive, 6, EV 76.3 MPH)
Batting: RHB Justin Curtis 0-0: Foul Ball, location: 2F
0-1: SINGLE (Groundball, 56, EV 102.5 MPH)
Batting: RHB Corey Sullivan 0-0: Called Strike
0-1: Foul Ball, location: 9LSF
0-2: Ball
1-2: Ball
2-2: Ball
3-2: Foul Ball, location: 2F
3-2: Grounds into double play, 6-4-3 (Groundball, 6MS, EV 80.0 MPH)
Bottom of the 7th over - 0 runs, 1 hit, 0 errors, 0 left on base; Great Falls 2 - Helena 4
TOP OF THE 8TH
Great Falls Voyagers batting - Pitching for Helena Brewers : LHP Wade Breaux
Batting: SHB Nick Shumate 0-0: Swinging Strike
0-1: Ball
1-1: Ball
2-1: Swinging Strike
2-2: Strikes out swinging
Pinch Hitting: RHB Miguel Susana 0-0: Ball
1-0: Foul Ball, location: 9LSF
1-1: Ball
2-1: Ball
3-1: Foul Ball, location: 5F
3-2: Base on Balls
Pitching: RHP Chris Fox
Batting: RHB Miguel Sanchez 0-0: Swinging Strike
0-1: Ball
1-1: Ball
2-1: Foul Ball, location: 2F
2-2: Strikes out swinging
Pinch Hitting: LHB Dave Sanchez 0-0: Ball
1-0: Ball
2-0: Foul Ball, location: 5SF
2-1: Called Strike
2-2: Strikes out looking
Top of the 8th over - 0 runs, 0 hits, 0 errors, 1 left on base; Great Falls 2 - Helena 4
BOTTOM OF THE 8TH
Helena Brewers batting - Pitching for Great Falls Voyagers : RHP Bobby Vilchez
Pitching: RHP Tim Titolo
Now at 3B: Dave Sanchez
Now in LF: Miguel Susana
Now in CF: Justin Cusick
Batting: LHB Dimacali Martinez 0-0: Called Strike
0-1: Foul Ball, location: 2F
0-2: Ball
1-2: Foul Ball, location: 3SF
1-2: Fly out, F8 (Flyball, 8LXD, EV 107.5 MPH)
Batting: LHB Mike Lown 0-0: Ball
1-0: SINGLE (Flyball, 78S, EV 95.0 MPH)
Batting: LHB Jon Hendriks 0-0: Called Strike
Mike Lown is caught stealing 2nd base 2-6
0-1: Ball
1-1: Foul Ball, location: 2F
1-2: Ball
2-2: Foul Ball, location: 2F
2-2: Reached on error, E1 (Groundball, 15, EV 68.8 MPH)
Batting: RHB Josh Young 0-0: Intentional Walk
Batting: RHB Judah Williams 0-0: Ball
1-0: Foul Ball, location: 9LMF
1-1: Ball
2-1: Ball
3-1: Swinging Strike
3-2: Fly out, F8 (Line Drive, 89M, EV 105.6 MPH)
Bottom of the 8th over - 0 runs, 1 hit, 1 error, 2 left on base; Great Falls 2 - Helena 4
TOP OF THE 9TH
Great Falls Voyagers batting - Pitching for Helena Brewers : RHP Chris Fox
Now at 3B: Curt Thompson
Batting: SHB Mitch Hickman 0-0: Ball
1-0: Swinging Strike
1-1: Ball
2-1: Foul Ball, location: 23F
2-2: Fly out, F7 (Flyball, 7, EV 80.0 MPH)
Pinch Hitting: LHB Justin Carp 0-0: Ball
1-0: Ball
2-0: Fly out, F6 (Popup, 6, EV 53.1 MPH)
Batting: LHB Victor Gonzales 0-0: Swinging Strike
0-1: Ball
1-1: Ball
2-1: Ball
3-1: Ground out 4-3 (Groundball, 4, EV 87.5 MPH)
Top of the 9th over - 0 runs, 0 hits, 0 errors, 0 left on base; Great Falls 2 - Helena 4
Friday, May 10th , 2024 - OOTP Baseball 24.11 Build 85